 Dungeon Crawl Stone Soup version 0.29.1-15-g9cfb28693d (webtiles) character file.

Game seed: 17531968571806349486

206382 Swamplord the Severer (level 18, 0/249 (252) HPs)
             Began as a Hill Orc Fighter on Mar 8, 2023.
             Was the Champion of Beogh.
             Slain by a +4 scimitar of draining (1 damage)
             ... on level 1 of the Elven Halls.
             The game lasted 02:17:18 (34303 turns).

Swamplord the Severer (Hill Orc Fighter)           Turns: 34303, Time: 02:17:19

HP:   0/249 (252)   AC: 26    Str: 22    XL:     18   Next: 20%
MP:   20/20         EV: 13    Int: 16    God:    Beogh [******]
Gold: 2358          SH: 17    Dex:  9    Spells: 7/17 levels left

rFire   + . .      SeeInvis +   Z - +8 broad axe (freeze)
rCold   . . .      Faith    .   x - +4 kite shield {AC+3}
rNeg    . . .      Spirit   .   l - +4 ring mail {rF+}
rPois   +          Reflect  .   (no helmet)
rElec   +          Harm     .   V - +2 cloak {rPois}
rCorr   .          Rampage  .   T - +2 pair of gloves
Will    ++...                   w - +2 pair of boots of Snakes and Ladders {+Inv SInv}
Stlth   ..........              t - amulet of regeneration
HPRegen 1.31/turn               n - ring of see invisible
MPRegen 0.17/turn               c - ring "Usak" {rElec rPois Will+}

@: mighty, berserking, studying Axes, lightly drained, very quick
A: walk on water, clever 1, mutation resistance 1
}: 2/15 runes: barnacled, gossamer
a: Renounce Religion, Evoke Invisibility, Smiting, Recall Orcish Followers, Give
Item to Named Follower, Resurrection


You were on level 1 of the Elven Halls.
You worshipped Beogh.
Beogh was exalted by your worship.
You visited 6 branches of the dungeon, and saw 31 of its levels.
You visited the Abyss 1 time.
You also visited: Ice Cave.

You collected 3522 gold pieces.
You spent 1164 gold pieces at shops.

Inventory:

Hand Weapons
 e - a +4 eveningstar of draining
 m - a +0 broad axe of flaming
 L - a +4 eveningstar of holy wrath
 Z - a +8 broad axe of freezing (weapon)
Missiles
 u - 2 throwing nets
Armour
 l - a +4 ring mail of fire resistance (worn)
 w - the +2 pair of boots of Snakes and Ladders (worn) {+Inv SInv}
   (You found it on level 2 of the Spider Nest)

   SInv:      It lets you see invisible.
   +Inv:      It lets you turn invisible.
 x - a +4 kite shield of protection (worn)
 G - a +1 helmet
 T - a +2 pair of gloves (worn)
 V - a +2 cloak of poison resistance (worn)
 X - a +1 tower shield of positive energy
Jewellery
 c - the ring "Usak" (right hand) {rElec rPois Will+}
   (You found it on level 2 of the Shoals)

   [ring of willpower]

   rElec:     It insulates you from electricity.
   rPois:     It protects you from poison.
   Will:      It increases your willpower.
 g - the ring "Woocw" {Will+ Str-5 Int+5 Dex+2}
   (You found it on level 1 of the Spider Nest)

   [ring of willpower]

   Str:       It affects your strength (-5).
   Int:       It affects your intelligence (+5).
   Dex:       It affects your dexterity (+2).
   Will:      It increases your willpower.
 n - a ring of see invisible (left hand)
 o - an amulet of magic regeneration
 r - a +4 ring of evasion
 t - an amulet of regeneration (around neck)
 A - a +4 ring of protection
 R - the ring of Darkness {rC+ Will++ Dex+6 Slay-5 Stlth+}
   (You found it in an ice cave)

   [ring of dexterity]

   Dex:       It affects your dexterity (+6).
   Slay:      It affects your accuracy & damage with ranged weapons and melee
   (-5).
   rC:        It protects you from cold.
   Will:      It greatly increases your willpower.
   Stlth:     It makes you more stealthy.
Wands
 d - a wand of flame (86)
 k - a wand of paralysis (18)
 B - a wand of acid (10)
 O - a wand of mindburst (10)
 P - a wand of roots (9)
 Q - a wand of polymorph (14)
Scrolls
 a - a scroll of fear
 f - 6 scrolls of amnesia
 h - 2 scrolls of enchant armour
 q - 11 scrolls of blinking
 s - 3 scrolls of magic mapping
 C - 9 scrolls of teleportation
 E - 11 scrolls of poison
 F - 3 scrolls of fog
 S - 4 scrolls of summoning
 W - 3 scrolls of silence
Potions
 b - 6 potions of magic
 i - 3 potions of ambrosia
 j - 7 potions of heal wounds
 v - 12 potions of haste
 z - 6 potions of lignification
 D - 2 potions of flight
 H - 2 potions of invisibility
 I - 10 potions of curing
 K - 5 potions of brilliance
 M - a potion of might
 N - 4 potions of resistance
 U - 4 potions of berserk rage
 Y - 2 potions of cancellation
Miscellaneous
 y - a condenser vane


   Skills:
 + Level 16.8 Fighting
 - Level 18.0 Axes
 * Level 13.8 Armour
 + Level 10.0 Dodging
 + Level 16.5 Shields
 * Level 13.2 Summonings
 * Level 7.8 Translocations
 - Level 3.0 Invocations


You had 7 spell levels left.
You knew the following spells:

 Your Spells              Type           Power      Damage    Failure   Level
a - Call Canine Familiar  Summ           42%        N/A       1%          3
b - Blink                 Tloc           50%        N/A       3%          2
c - Manifold Assault      Tloc           25%        N/A       54%         5

Your spell library contained the following spells:

 Spells                   Type           Power      Damage    Failure   Level
 Summon Small Mammal      Summ           100%       N/A       1%          1
 Call Imp                 Summ           42%        N/A       1%          2
 Apportation              Tloc           50%        N/A       2%          1
 Lesser Beckoning         Tloc           25%        N/A       7%          3
 Passage of Golubria      Tloc           25%        N/A       24%         4
 Portal Projectile        Hex/Tloc       24%        N/A       34%         3
 Summon Ice Beast         Ice/Summ       21%        N/A       36%         4
 Freeze                   Ice            0%         1d3       50%         1
 Magic Dart               Conj           0%         1d3       50%         1
 Necrotise                Necr           0%         1d4       50%         1
 Slow                     Hex            0%         N/A       50%         1
 Sting                    Tmut/Pois      0%         1d3       50%         1
 Ensorcelled Hibernation  Hex/Ice        0%         N/A       65%         2
 Passwall                 Tmut/Erth      0%         N/A       65%         2
 Poisonous Vapours        Pois/Air       0%         N/A       65%         2
 Searing Ray              Conj           0%         2d4       65%         2
 Iskenderun's Mystic Bla  Conj/Tloc      12%        2d5       75%         4
 Confusing Touch          Hex            0%         N/A       86%         3
 Dazzling Flash           Conj/Hex       0%         N/A       86%         3
 Frozen Ramparts          Ice            0%         1d1       86%         3
 Inner Flame              Hex/Fire       0%         N/A       86%         3
 Mephitic Cloud           Conj/Pois/Air  0%         N/A       86%         3
 Ozocubu's Armour         Ice            0%         N/A       86%         3
 Stone Arrow              Conj/Erth      0%         3d7       86%         3
 Swiftness                Air            0%         N/A       86%         3
 Tukima's Dance           Hex            0%         N/A       86%         3
 Vampiric Draining        Necr           0%         2d6       86%         3
 Monstrous Menagerie      Summ           21%        N/A       91%         7
 Cause Fear               Hex            0%         N/A       99%         4
 Fulminant Prism          Conj/Hex       0%         3d6       99%         4
 Hailstorm                Conj/Ice       0%         3d3       99%         4
 Ice Form                 Ice/Tmut       0%         N/A       99%         4
 Leda's Liquefaction      Hex/Erth       0%         N/A       99%         4
 Olgreb's Toxic Radiance  Pois           0%         N/A       99%         4
 Petrify                  Tmut/Erth      0%         N/A       99%         4
 Alistair's Intoxication  Tmut/Pois      0%         N/A       100%        5
 Irradiate                Conj/Tmut      0%         3d11      100%        5
 Lee's Rapid Deconstruct  Erth           0%         3d5*      100%        5
 Yara's Violent Unravell  Hex/Tmut       0%         3d3       100%        5
 Iron Shot                Conj/Erth      0%         9d1       100%        6
 Simulacrum               Ice/Necr       0%         N/A       100%        6
 Starburst                Conj/Fire      0%         6d3       100%        6
 Statue Form              Tmut/Erth      0%         N/A       100%        6
 Dragon Form              Tmut           0%         N/A       100%        7
 Discord                  Hex            0%         N/A       100%        8
 Ignition                 Fire           0%         3d3       100%        8
 Polar Vortex             Ice            0%         N/A       100%        9


Dungeon Overview and Level Annotations

Branches:
Dungeon (15/15)            Temple (0/1) D:6            Lair (5/5) D:8
 Shoals (4/4) Lair:3       Spider (4/4) Lair:3        Slime (0/5) Lair:4
    Orc (2/2) D:9             Elf (1/3) Orc:2        Vaults (0/5) D:14
 Depths (0/4) D:15          IceCv (visited)

Altars:
Cheibriados
Dithmenos
Elyvilon
Fedhas
Hepliaklqana
Kikubaaqudgha
Nemelex Xobeh
Qazlal
Ru
Sif Muna
Vehumet
Wu Jian
Xom
Zin
Beogh
Jiyva

Shops:
D:3 [[*[   D:7 *[*   D:10 !   Orc:1 ((   Orc:2 (:[*[   Shoals:2 [*

Portals:
Trove: D:13 (give +4 shadow dragon scales)

Annotations:
Elf:1 Zenata


Innate Abilities, Weirdness & Mutations

You can walk on water.
Your mind is acute. (Int +4, Str/Dex -1)
You are somewhat resistant to further mutation.


Message History

The deep elf knight hits you but does no damage.
The +1 long sword of protection hits Arbeogh!!
You barely miss Zenata.
Zenata is heavily wounded.
You hit the +0 battleaxe of venom. You slash the deep elf knight!
You freeze the deep elf knight.
You slash the +1 dire flail of holy wrath!
The +1 dire flail of holy wrath falls from the air.
Beogh accepts your kill.
You slash the +4 scimitar of draining!
The +0 vorpal halberd hits you from afar!
* * * LOW HITPOINT WARNING * * *
x2 The +1 long sword of protection barely misses Arbeogh.
The +0 battleaxe of venom hits you!!
* * * LOW HITPOINT WARNING * * *
Arkwar misses the deep elf knight.
Arkwar closely misses the +1 long sword of protection.
You block the +4 scimitar of draining's attack.
You are too berserk!
You are too berserk!
The +0 battleaxe of venom attacks as you move away!
The +0 battleaxe of venom hits you!
* * * LOW HITPOINT WARNING * * *
The +1 long sword of protection hits Arbeogh but does no damage.
Zenata barely misses Arbeogh.
The deep elf zephyrmancer gestures wildly while chanting.
The deep elf zephyrmancer blinks!
Arbeogh closely misses the +1 long sword of protection.
The deep elf pyromancer gestures wildly while chanting. x2
The deep elf pyromancer blinks!
The deep elf knight closely misses Arbeogh.
Ugbert hits Zenata from afar with a +6 trident of venom!!
Zenata looks as sick as possible!
The +0 vorpal halberd hits you but does no damage.
The +1 long sword of protection hits Arbeogh!
The +4 scimitar of draining attacks as you move away!
The +4 scimitar of draining hits you.
* * * LOW HITPOINT WARNING * * *
You feel drained.
You die...

#.........#...
#.............
#......e...e.
#.......E.§#
#....)e....#
+.....§....#
#...(ea(...#
#...oo()..#
##..o@(.e##
###......##
#...e..[.#
+........#
#.)......#
##......## #.#
##....##
##+###+###.#
##..##
##.......##.#
#'#


You could see Zenata (distracted, extremely poisoned, ally target), a deep elf
archer (repels missiles), a deep elf knight (invisible), 3 deep elf pyromancers,
a deep elf zephyrmancer, a fire elemental (summoned), 4 dancing weapons, the
friendly Arbeogh the orc warlord (strong), the friendly Ugbert the orc warlord
(strong) and the friendly Arkwar the orc knight (strong).

Vanquished Creatures
  Frances (D:14)
  A kraken (Shoals:2)
  Kirke (Spider:4)
  4 emperor scorpions
  A ghost moth (Spider:4)
  A reaper (IceCv)
  A stone giant (D:15)
  2 entropy weavers
  A spark wasp (Spider:3)
  Snorg (Orc:2)
  2 merfolk impalers (Shoals:4)
  Fannar (D:10)
  3 hydras
  3 boulder beetles
  A radroach (Spider:3)
  A two-headed ogre (D:13)
  A death yak (Lair:5)
  4 centaur warriors
  A death knight (D:14)
  A merfolk aquamancer (Shoals:2)
  A deep troll earth mage (D:13)
  A tengu warrior (D:15)
  2 dancing weapons (Elf:1)
  A deep elf knight (Elf:1)
  2 sea snakes
  A skeletal warrior (D:12)
  A pharaoh ant (Spider:4)
  3 steelbarb worms (Spider:4)
  2 orb spiders
  3 harpies
  5 deep elf pyromancers
  3 orc knights
  10 wolf spiders
  2 fauns
  4 cyclopes
  9 manticores
  2 moths of wrath (Spider:4)
  An ugly thing (D:13)
  8 slime creatures (D:13)
  A guardian serpent (shapeshifter) (D:14)
  2 merfolk sirens (Lair:3)
  9 elephants
  A black mamba (Lair:5)
  2 torpor snails
  5 water nymphs
  3 cane toads
  4 gargoyles (D:13)
  An ice statue (IceCv)
  4 komodo dragons
  An unseen horror (shapeshifter) (D:15)
  An unseen horror (D:13)
  3 efreet
  3 anaconda simulacra (IceCv)
  An ice devil (Lair:4)
  5 demonic crawlers
  2 freezing wraiths (D:14)
  A tengu conjurer (D:13)
  7 trolls
  5 meliai
  A polar bear (Lair:5)
  A wind drake (Shoals:4)
  3 merfolk (Shoals:4)
  A hornet (D:7)
  19 tarantellas
  A snapping turtle (Shoals:2)
  7 blink frogs
  11 jumping spiders
  2 wraiths
  6 culicivoras
  A shadow (D:13)
  10 water elementals
  An air elemental (Shoals:4)
  2 spriggans (shapeshifter)
  3 dire elephant simulacra (IceCv)
  An unseen horror simulacrum (D:8)
  Eustachio (D:4)
  2 basilisks
  2 wyverns (D:8)
  2 death yak simulacra (IceCv)
  27 redbacks
  6 humans (D:14)
  3 steam dragons
  16 yaks
  2 vampire mosquitoes
  Menkaure (D:4)
  A warg (Orc:2)
  2 water moccasins
  Duvessa (D:4)
  A black bear (shapeshifter) (D:13)
  A black bear (D:7)
  8 orc warriors
  5 ice beasts
  A sky beast (D:6)
  7 wolves
  4 ogres
  3 centaurs
  A phantom (D:7)
  Blork the orc (D:4)
  7 bullfrogs
  A gnoll sergeant (D:9)
  2 necrophages
  A cane toad simulacrum (IceCv)
  9 wights
  3 two-headed ogre simulacra (IceCv)
  Dowan (D:4)
  2 elephant simulacra (IceCv)
  An electric eel (Lair:1)
  2 howler monkeys
  3 jellies
  2 hounds
  7 orc priests
  Jessica (D:3)
  2 gnoll boudas
  13 orc wizards
  Natasha (thrice) (D:3)
  5 iguanas
  2 polar bear simulacra (IceCv)
  8 spriggan simulacra (IceCv)
  9 troll simulacra (IceCv)
  2 wolf simulacra (IceCv)
  12 gnolls
  14 adders
  5 naga simulacra (IceCv)
  2 shadow imps
  13 white imps
  6 ufetubi
  The ghost of Goblin1989 the Sneak, a weakling DsDe (D:4)
  3 dart slugs
  23 orcs
  3 ball pythons
  2 bats
  8 endoplasms
  3 giant cockroaches
  6 hobgoblins
  3 jackals (D:4)
  6 quokkas
  3 frilled lizards
  10 goblins
  20 kobolds
  7 rats
558 creatures vanquished.

Vanquished Creatures (collateral kills)
  Saint Roka (Orc:2)
  Nikola (Shoals:1)
  A titan (Shoals:4)
  Gastronok (Lair:3)
  The ghost of Pegasus the Gelid, an adept OgFE of Vehumet (Shoals:2)
  Roxanne (Shoals:1)
  Donald (Shoals:1)
  8 emperor scorpions
  An orc warlord (Orc:2)
  A ghost moth (Spider:1)
  Louise (Spider:4)
  2 broodmothers (Spider:4)
  A spark wasp (Spider:3)
  An entropy weaver (Spider:1)
  2 merfolk javelineers (Shoals:4)
  10 merfolk impalers
  4 boulder beetles
  3 vault guards (D:14)
  A rakshasa (D:13)
  9 hydras
  A jorogumo (Spider:4)
  2 catoblepae (Shoals:3)
  4 merfolk avatars
  2 alligator snapping turtles (Shoals:4)
  5 centaur warriors
  4 merfolk aquamancers
  5 two-headed ogres
  3 satyrs
  A dancing weapon (Elf:1)
  A radroach (Spider:4)
  7 death yaks
  2 tengu warriors
  4 slime creatures
  An orc high priest (Orc:2)
  3 pharaoh ants
  5 skeletal warriors
  2 steelbarb worms (Spider:4)
  7 orb spiders
  9 sea snakes
  10 harpies
  A wizard (D:14)
  4 deep elf pyromancers
  3 deep elf zephyrmancers (Elf:1)
  3 orc knights
  7 fauns
  5 wolf spiders (Spider:4)
  2 orc sorcerers
  12 manticores
  A moth of wrath (Spider:3)
  14 cyclopes
  4 merfolk sirens
  Maurice (D:10)
  20 elephants
  An ice statue (Lair:4)
  4 black mambas
  A gargoyle (D:13)
  6 water nymphs
  An eye of devastation (Lair:4)
  5 cane toads
  2 torpor snails
  A rime drake (Lair:5)
  A kobold demonologist (D:12)
  6 komodo dragons
  A tengu conjurer (D:14)
  2 demonic crawlers
  6 merfolk
  A meliai (D:14)
  11 wind drakes
  6 hornets
  7 polar bears
  3 trolls
  9 tarantellas
  16 blink frogs
  A wind drake (shapeshifter) (D:13)
  9 snapping turtles
  8 dream sheep
  15 jumping spiders
  15 culicivoras
  16 water elementals
  43 yaks
  6 air elementals
  3 wraiths
  6 hogs (Spider:4)
  6 basilisks
  2 steam dragons
  25 redbacks
  3 humans (D:14)
  5 vampire mosquitoes
  3 wargs (Orc:2)
  7 water moccasins
  A floating eye (Lair:4)
  6 orc warriors
  4 ice beasts (Lair:4)
  5 ogres
  10 wolves
  2 centaurs
  2 kobold brigands
  7 bullfrogs
  5 killer bees (D:10)
  A howler monkey (D:13)
  2 electric eels (D:8)
  2 orc priests (Orc:2)
  4 orc wizards
  An adder (D:6)
  6 white imps
  14 orcs
  A kobold (D:11)
  4 bushes (Shoals:1)
  2 tentacles (Shoals:2)
548 creatures vanquished.

Vanquished Creatures (others)
  An orc warlord (Spider:1)
  4 orc knights
  3 orc high priests
  A komodo dragon (Lair:4)
  A troll (D:13)
  A jumping spider (Spider:4)
  11 orc warriors
  5 orc priests
  6 orc wizards
  28 orcs
  52 fungi
  148 plants
  13 tentacles (Shoals:2)
274 creatures vanquished.

Grand Total: 1380 creatures vanquished

Notes
Turn   | Place    | Note
-------+----------+-------------------------------------------
     0 | D:1      | Swamplord the Hill Orc Fighter began the quest for the Orb.
     0 | D:1      | Reached XP level 1. HP: 19/19 MP: 1/1
    15 | D:1      | Reached skill level 3 in Axes
    42 | D:1      | Reached XP level 2. HP: 23/26 MP: 2/2
   160 | D:1      | Reached skill level 4 in Axes
   334 | D:1      | Reached XP level 3. HP: 31/31 MP: 3/3
   388 | D:1      | Found a faded altar of an unknown god.
   723 | D:2      | Reached skill level 5 in Axes
   945 | D:2      | Reached XP level 4. HP: 37/39 MP: 4/4
  1061 | D:2      | Got Kehonush's Quarto of the Entourage
  1065 | D:2      | Learned a level 2 spell: Call Imp
  1076 | D:2      | Reached skill level 6 in Axes
  1288 | D:2      | Reached skill level 1 in Summonings
  1288 | D:2      | Reached XP level 5. HP: 43/46 MP: 5/5
  1834 | D:3      | Found Noganem's Armour Shoppe.
  1837 | D:3      | Found Kyra's Antique Armour Emporium.
  1892 | D:3      | Noticed Natasha
  1899 | D:3      | Killed Natasha
  1999 | D:3      | Found a white marble altar of Elyvilon.
  2000 | D:3      | Found an ornate altar of the Wu Jian Council.
  2141 | D:3      | Found Peomedd's Armour Shop.
  2187 | D:3      | Noticed Natasha
  2198 | D:3      | Killed Natasha
  2199 | D:3      | Found Lekheg's General Store.
  2368 | D:3      | Noticed Jessica
  2370 | D:3      | Killed Jessica
  2541 | D:3      | Noticed Natasha
  2551 | D:3      | Killed Natasha
  2552 | D:3      | Reached skill level 7 in Axes
  2552 | D:3      | Reached XP level 6. HP: 39/52 MP: 6/6
  2899 | D:4      | Became a worshipper of Beogh the Brigand
  3009 | D:4      | Noticed Dowan
  3009 | D:4      | Noticed Duvessa
  3019 | D:4      | Killed Dowan
  3029 | D:4      | Noticed Eustachio
  3031 | D:4      | Killed Duvessa
  3032 | D:4      | Reached XP level 7. HP: 49/59 MP: 7/7
  3050 | D:4      | Killed Eustachio
  3051 | D:4      | Reached skill level 5 in Summonings
  3275 | D:4      | Noticed Blork the orc
  3283 | D:4      | Killed Blork the orc
  3456 | D:4      | Found a runed translucent gate.
  3456 | D:4      | Found a runed translucent gate.
  3456 | D:4      | Found a runed translucent gate.
  3460 | D:4      | Noticed Goblin1989's ghost (weakling DsDe)
  3511 | D:4      | Noticed Menkaure
  3520 | D:4      | Killed Menkaure
  3975 | D:4      | Reached XP level 8. HP: 64/66 MP: 8/8
  4053 | D:4      | Found a roughly hewn altar of Beogh.
  4067 | D:5      | Entered Level 5 of the Dungeon
  4491 | D:5      | Reached skill level 5 in Armour
  4509 | D:5      | Identified the +4 hand axe of Xaipury {antimagic, rPois
                  | Will+ Str-4}
  4846 | D:4      | Killed Goblin1989's ghost
  4854 | D:4      | Reached skill level 8 in Axes
  4863 | D:4      | Reached * piety under Beogh
  5233 | D:3      | Bought a +2 kite shield of protection for 301 gold pieces
  5380 | D:6      | Found a staircase to the Ecumenical Temple.
  5443 | D:6      | Reached skill level 1 in Dodging
  6057 | D:6      | Reached skill level 5 in Fighting
  6057 | D:6      | Reached skill level 9 in Axes
  6564 | D:7      | Reached XP level 9. HP: 74/74 MP: 9/9
  6567 | D:7      | Noticed a hornet
  6572 | D:7      | Paralysed by a hornet for 3 turns
  7131 | D:7      | Identified the +5 falchion "Neguosus" {vorpal, +Blink rF+}
  7310 | D:7      | Found Siekas's Armour Shop.
  7319 | D:7      | Reached ** piety under Beogh
  7320 | D:7      | Reached skill level 10 in Axes
  7365 | D:7      | Paralysed by a hornet for 1 turns
  7650 | D:7      | Killed a hornet
  7813 | D:7      | Found Xeantixapa's Assorted Antiques.
  7858 | D:7      | Found Alixaur's General Store.
  7953 | D:7      | Found a shadowy altar of Dithmenos.
  7956 | D:7      | Found a shimmering blue altar of Sif Muna.
  7958 | D:7      | Found a stormy altar of Qazlal.
  7958 | D:7      | Found a radiant altar of Vehumet.
  7959 | D:7      | Found a sparkling altar of Nemelex Xobeh.
  7961 | D:7      | Found a snail-covered altar of Cheibriados.
  7962 | D:7      | Found a hazy altar of Hepliaklqana.
  8336 | D:8      | Reached skill level 5 in Shields
  8564 | D:8      | Identified a scroll of acquirement
  8564 | D:8      | Acquired a manual of Axes
  8606 | D:8      | Reached XP level 10. HP: 43/83 MP: 10/10
  8910 | D:8      | Reached skill level 11 in Axes
  8998 | D:8      | Found a glowing silver altar of Zin.
  9089 | D:8      | Found a staircase to the Lair.
  9899 | D:8      | Found an ancient bone altar of Kikubaaqudgha.
  9900 | D:8      | Found a blossoming altar of Fedhas.
 10379 | D:8      | Found a blossoming altar of Fedhas.
 10380 | D:8      | Found a blossoming altar of Fedhas.
 10380 | D:8      | Found a blossoming altar of Fedhas.
 10383 | D:8      | Found a snail-covered altar of Cheibriados.
 10383 | D:8      | Found an ornate altar of the Wu Jian Council.
 10383 | D:8      | Found a shimmering altar of Xom.
 10979 | D:9      | Reached skill level 12 in Axes
 11038 | D:9      | Identified the +9 mace "Pichoh" {vorpal, rC- Int+4}
 11141 | D:9      | Found a staircase to the Orcish Mines.
 11170 | D:9      | Reached *** piety under Beogh
 11313 | D:9      | HP: 3/84 [poisoned by a gnoll sergeant]
 11608 | D:9      | Reached skill level 13 in Axes
 11733 | D:3      | Bought a jewelled ring mail for 225 gold pieces
 11733 | D:3      | Identified the +0 ring mail "Xicit" {Stlth+} (You bought it
                  | in a shop on level 3 of the Dungeon)
 12531 | Lair:1   | Entered Level 1 of the Lair of Beasts
 12531 | Lair:1   | Noticed an elephant
 12531 | Lair:1   | Noticed an elephant
 12531 | Lair:1   | Noticed an elephant
 12531 | Lair:1   | Noticed an elephant
 12537 | D:8      | Killed an elephant
 12541 | D:8      | Killed an elephant
 12542 | D:8      | Reached XP level 11. HP: 79/92 MP: 11/11
 13163 | Lair:1   | Reached skill level 14 in Axes
 13867 | Lair:1   | Noticed an eight-headed hydra
 13878 | Lair:1   | Killed a five-headed hydra
 13878 | Lair:1   | Gained Arbeogh as an ally
 14306 | Lair:2   | Noticed a four-headed hydra
 14312 | Lair:2   | Killed a one-headed hydra
 14313 | Lair:2   | Reached skill level 15 in Axes
 14335 | Lair:2   | Noticed a death yak
 14335 | Lair:2   | Noticed a death yak
 14336 | Lair:2   | Noticed a death yak
 14343 | Lair:2   | Killed a death yak
 14344 | Lair:2   | Killed a death yak
 14345 | Lair:2   | Reached **** piety under Beogh
 14352 | Lair:2   | Killed a death yak
 14353 | Lair:2   | Reached XP level 12. HP: 56/103 MP: 12/12
 14709 | Lair:2   | Reached skill level 16 in Axes
 15264 | Lair:3   | Reached skill level 10 in Summonings
 15536 | Lair:3   | Found a staircase to the Shoals.
 15605 | Lair:3   | Found a hole to the Spider Nest.
 15960 | Lair:3   | Noticed Gastronok
 15972 | Lair:3   | Killed Gastronok
 15973 | Lair:3   | Reached skill level 10 in Fighting
 15973 | Lair:3   | Reached skill level 5 in Dodging
 16242 | D:10     | Entered Level 10 of the Dungeon
 16294 | D:10     | Noticed a two-headed ogre
 16300 | D:10     | Killed a two-headed ogre
 16489 | Lair:4   | Found a viscous altar of Jiyva.
 16489 | Lair:4   | Found a staircase to the Slime Pits.
 16494 | Lair:4   | Paralysed by a floating eye for 4 turns
 16758 | Lair:4   | Reached skill level 1 in Invocations
 16895 | Lair:4   | Found a white marble altar of Elyvilon.
 17088 | Lair:4   | Noticed an eight-headed hydra
 17094 | Lair:4   | Killed a five-headed hydra
 17285 | D:10     | Noticed a two-headed ogre
 17299 | D:10     | Killed a two-headed ogre
 17346 | D:10     | Noticed Fannar
 17359 | D:10     | Killed Fannar
 17360 | D:10     | Reached XP level 13. HP: 115/116 MP: 14/14
 17360 | D:10     | Reached ***** piety under Beogh
 17414 | D:10     | Noticed Maurice
 17422 | D:10     | Killed Maurice
 17423 | D:10     | Reached skill level 10 in Shields
 17587 | D:10     | Found Dujuwa's Distillery.
 19386 | Lair:5   | Entered Level 5 of the Lair of Beasts
 19489 | Lair:5   | Gained Borgun as an ally
 19663 | Lair:5   | Reached ****** piety under Beogh
 19852 | Lair:5   | Learned a level 2 spell: Blink
 19951 | Lair:5   | Reached skill level 10 in Armour
 19951 | Lair:5   | Gained Oruk as an ally
 19953 | Lair:5   | Reached skill level 1 in Translocations
 19954 | Lair:5   | Reached XP level 14. HP: 127/127 MP: 16/16
 20831 | D:12     | Found a frozen archway.
 20845 | IceCv    | Entered an ice cave
 20945 | IceCv    | Got the Vellum of Transmogrification
 21337 | IceCv    | Noticed a reaper
 21364 | IceCv    | Killed a reaper
 21526 | IceCv    | Identified the ring of Darkness {rC+ Will++ Dex+6 Slay-5
                  | Stlth+}
 21551 | IceCv    | Got the Precepts of the Lobster
 22173 | Orc:1    | Entered Level 1 of the Orcish Mines
 22307 | Orc:1    | Found Focin's Weapon Shoppe.
 22379 | Orc:2    | Entered Level 2 of the Orcish Mines
 22406 | Orc:2    | Found Qiggucki's Antique Armour Boutique.
 22420 | Orc:2    | Found Rolaes's Armour Emporium.
 22429 | Orc:2    | Found Quirul's General Store.
 22509 | Orc:2    | Found Fateaf Teho's Antique Weapon Shop.
 22529 | Orc:2    | Bought a runed broad axe for 196 gold pieces
 22619 | Orc:2    | Noticed Snorg
 22627 | Orc:2    | Killed Snorg
 22700 | Orc:2    | Noticed Saint Roka
 22715 | Orc:2    | Killed Saint Roka
 22779 | Orc:2    | Found a roughly hewn altar of Beogh.
 22810 | Orc:2    | Noticed an orc warlord
 22814 | Orc:2    | Killed an orc warlord
 22837 | Orc:2    | Found Anuw's Book Shoppe.
 22987 | Orc:2    | Found a staircase to the Elven Halls.
 23204 | Shoals:1 | Entered Level 1 of the Shoals
 23211 | Shoals:1 | Identified Roxanne's Anthology of the Lithosphere
 23211 | Shoals:1 | Noticed Roxanne
 23221 | Shoals:1 | Killed Roxanne
 23222 | Shoals:1 | Noticed Donald
 23231 | Shoals:1 | Killed Donald
 23267 | Shoals:1 | Noticed Nikola
 23334 | Shoals:1 | Killed Nikola
 23335 | Shoals:1 | Reached XP level 15. HP: 110/137 MP: 17/17
 23901 | Shoals:2 | Found Loetiros's Antique Armour Shop.
 23913 | Shoals:2 | Bought a pair of steaming boots for 247 gold pieces
 23913 | Shoals:2 | Identified the +1 pair of boots "Lefuhuul" {rPois} (You
                  | bought it in a shop on level 2 of the Shoals)
 23913 | Shoals:2 | Bought a pair of embroidered gloves for 195 gold pieces
 23927 | Shoals:2 | Found Guipahisa's Gadget Gallery.
 24146 | Shoals:2 | Found a transporter.
 24146 | Shoals:2 | Found a transporter.
 24148 | Shoals:2 | Noticed Pegasus's ghost (adept OgFE)
 24154 | Shoals:2 | Gained Wargath as an ally
 24161 | Shoals:2 | Noticed a kraken
 24229 | Shoals:2 | Killed Pegasus's ghost
 24233 | Shoals:2 | Your ally Wargath died
 24467 | Shoals:2 | Killed a kraken
 24482 | Shoals:2 | Identified the ring "Usak" {rElec rPois Will+}
 25576 | Shoals:4 | Entered Level 4 of the Shoals
 25633 | Shoals:4 | Reached skill level 5 in Translocations
 25670 | Shoals:4 | Gained Zorug as an ally
 25911 | Shoals:4 | Gained Ugbert as an ally
 25919 | Shoals:4 | Reached XP level 16. HP: 128/147 MP: 6/18
 26004 | Shoals:4 | Reached skill level 15 in Fighting
 26015 | Shoals:4 | Paralysed by an air elemental for 1 turns
 26125 | Shoals:4 | Paralysed by an air elemental for 1 turns
 26126 | Shoals:4 | Gained Borgoth as an ally
 26536 | Shoals:4 | Noticed a titan
 26547 | Shoals:4 | Your ally Oruk died
 26547 | Shoals:4 | Killed a titan
 26632 | Shoals:4 | Got a barnacled rune of Zot
 26987 | Spider:1 | Entered Level 1 of the Spider Nest
 27457 | Spider:1 | Your ally Borgun died
 27478 | Spider:1 | Your ally Borgoth died
 27557 | Spider:1 | Reached skill level 17 in Axes
 27694 | Spider:1 | Identified the ring "Woocw" {Will+ Str-5 Int+5 Dex+2}
 27965 | Spider:2 | Found a transporter.
 27965 | Spider:2 | Found a transporter.
 28007 | Spider:2 | Got the +2 pair of boots of Snakes and Ladders {+Inv SInv}
 28403 | Spider:3 | Reached skill level 15 in Shields
 28710 | Spider:3 | Reached skill level 18 in Axes
 28776 | Spider:3 | Your ally Zorug died
 29007 | Orc:1    | Found Hokiogg's Antique Weapon Shoppe.
 29014 | Orc:1    | Found a shimmering altar of Xom.
 29763 | Spider:4 | Entered Level 4 of the Spider Nest
 29829 | Spider:4 | Identified the +1 rapier of the Mind {freeze, rElec}
 29855 | Spider:4 | Gained Garbold as an ally
 29893 | Spider:4 | Reached XP level 17. HP: 127/157 MP: 19/19
 30059 | Spider:4 | Noticed Kirke
 30070 | Spider:4 | Killed Kirke
 30463 | Spider:4 | Noticed Louise
 30476 | Abyss:3  | Cast into level 3 of the Abyss (Louise)
 30479 | Abyss:3  | Found an ancient bone altar of Kikubaaqudgha.
 30501 | Spider:4 | Escaped the Abyss
 30509 | Spider:4 | Killed Louise
 30722 | Spider:4 | Your ally Garbold died
 30740 | Spider:4 | Learned a level 5 spell: Manifold Assault
 30917 | Spider:4 | Got a gossamer rune of Zot
 31716 | D:13     | Found a portal to a secret trove of treasure.
 31903 | D:13     | Got the Teachings on the Inferno and Envenoming
 31971 | D:13     | Learned a level 3 spell: Call Canine Familiar
 32006 | D:13     | Identified the +1 ring mail "Lurgheo Ziupe" {rElec}
 32046 | D:13     | Identified the +5 morningstar of Bread {vorpal, +Blink
                  | Int+4}
 32693 | D:14     | Noticed Frances
 32704 | D:14     | Killed Frances
 32895 | D:14     | Found a gate to the Vaults.
 33010 | D:14     | Reached XP level 18. HP: 168/168 MP: 20/20
 33274 | D:15     | Entered Level 15 of the Dungeon
 33384 | D:15     | Reached skill level 10 in Dodging
 33763 | D:15     | Found a staircase to the Depths.
 33818 | D:15     | Found a sacrificial altar of Ru.
 33998 | D:15     | Gained mutation: You have a pair of small horns on your
                  | head. [potion of mutation]
 33998 | D:15     | Gained mutation: You have large cloven feet. [potion of
                  | mutation]
 33999 | D:15     | Lost mutation: You have large cloven feet. [potion of
                  | mutation]
 33999 | D:15     | Lost mutation: You have a pair of small horns on your head.
                  | [potion of mutation]
 33999 | D:15     | Gained mutation: You have a pair of small horns on your
                  | head. [potion of mutation]
 33999 | D:15     | Gained mutation: You are partially covered in iridescent
                  | scales. (AC +2) [potion of mutation]
 33999 | D:15     | Gained mutation: Your system is resistant to poisons.
                  | (rPois) [potion of mutation]
 34000 | D:15     | Lost mutation: Your system is resistant to poisons. (rPois)
                  | [potion of mutation]
 34000 | D:15     | Lost mutation: You are partially covered in iridescent
                  | scales. (AC +2) [potion of mutation]
 34000 | D:15     | Gained mutation: Your mind is acute. (Int +4, Str/Dex -1)
                  | [potion of mutation]
 34000 | D:15     | Gained mutation: Your natural rate of healing is unusually
                  | fast. [potion of mutation]
 34001 | D:15     | Lost mutation: Your natural rate of healing is unusually
                  | fast. [potion of mutation]
 34001 | D:15     | Lost mutation: Your mind is acute. (Int +4, Str/Dex -1)
                  | [potion of mutation]
 34001 | D:15     | Gained mutation: You have sharp toenails. [potion of
                  | mutation]
 34001 | D:15     | Gained mutation: You have a pair of horns on your head.
                  | [potion of mutation]
 34002 | D:15     | Lost mutation: You have a pair of horns on your head.
                  | [potion of mutation]
 34002 | D:15     | Lost mutation: You have a pair of small horns on your head.
                  | [potion of mutation]
 34002 | D:15     | Lost mutation: You have sharp toenails. [potion of
                  | mutation]
 34002 | D:15     | Gained mutation: Armour fits poorly on your strangely
                  | shaped body. [potion of mutation]
 34002 | D:15     | Gained mutation: You possess an exceptional clarity of
                  | mind. [potion of mutation]
 34003 | D:15     | Lost mutation: Armour fits poorly on your strangely shaped
                  | body. [potion of mutation]
 34003 | D:15     | Lost mutation: You possess an exceptional clarity of mind.
                  | [potion of mutation]
 34003 | D:15     | Gained mutation: You are somewhat resistant to further
                  | mutation. [potion of mutation]
 34003 | D:15     | Gained mutation: Your mind is acute. (Int +4, Str/Dex -1)
                  | [potion of mutation]
 34191 | Elf:1    | Entered Level 1 of the Elven Halls
 34270 | Elf:1    | Gained Arkwar as an ally
 34289 | Elf:1    | Noticed Zenata
 34302 | Elf:1    | HP: 2/252 [+0 battleaxe of venom[Zenata] (16)]
 34303 | Elf:1    | Slain by a +4 scimitar of draining

Illustrated notes

Levels and vault maps discovered:
D:1:      lightli_arrival_lavapool, layout_basic,
          hellmonk_ecumenical_altar_inner_sanctum
D:2:      minmay_thinvault, layout_basic
D:3:      layout_loops_ring, mainiacjoe_overflow_divided_tiny, serial_shops,
          nicolae_shop_advertising_works [nicolae_subvault_shop_adworks], shop,
          shop_statue, nicolae_shop_temple_entry_statues_fountains,
          uniq_natasha, uniq_jessica
D:4:      layout_basic, biasface_ghost_orc_armoury, serial_glass,
          glass_columns_c, glass_columns_b, uniq_duvessa, uniq_blork_the_orc,
          uniq_eustachio, uniq_menkaure
D:5:      wander_river, layout_loops_cross
D:6:      layout_cave_pods, minmay_temple_entry_mini_moons
D:7:      layout_loops_ring, minitemple, serial_shops, nicolae_square_shop,
          nicolae_shop_waterfront, nicolae_take_the_stairs, minmay_starry_boxes
D:8:      layout_layer_cave, grunt_temple_overflow_growth_and_decay,
          doesnt_xom_only_xom, zin_treasury, lair_entry_dummy, serial_ice,
          serial_ice_f, serial_ice_k, serial_ice_d, serial_ice_h,
          minmay_misc_feat_alley, minmay_small_thing
D:9:      layout_loops_ring, orc_0_dummy, serial_bayou_pond_c
D:10:     layout_basic, serial_shops, kennysheep_mini_moat, uniq_maurice,
          uniq_fannar
D:11:     layout_gridville
D:12:     layout_roguey, portal_ice_cave_entry_imps
D:13:     minmay_the_grid_square_5x5_5x5 [minmay_the_grid_square_5x5_six_small,
          minmay_the_grid_square_5x5_beaten_path,
          minmay_the_grid_square_5x5_sharp_hourglass,
          minmay_the_grid_square_5x5_detours, minmay_the_grid_square_5x5_three,
          minmay_the_grid_square_5x5_two_walls_b,
          minmay_the_grid_square_5x5_prize_junk,
          minmay_the_grid_square_5x5_slash,
          minmay_the_grid_square_5x5_prize_open, minmay_the_grid_square_5x5_two,
          minmay_the_grid_square_5x5_n, minmay_the_grid_square_5x5_z,
          minmay_the_grid_square_5x5_prize_rear_guard,
          minmay_the_grid_square_5x5_hourglass,
          minmay_the_grid_square_5x5_two_small,
          minmay_the_grid_square_5x5_checkered,
          minmay_the_grid_square_5x5_prize_monsterx,
          minmay_the_grid_square_5x5_gyroscope,
          minmay_the_grid_square_5x5_prize_snowflake,
          minmay_the_grid_square_5x5_half_checkered,
          minmay_the_grid_square_5x5_eight_small,
          minmay_the_grid_square_5x5_comb, minmay_the_grid_square_5x5_percent,
          minmay_the_grid_square_5x5_pentomino_r,
          minmay_the_grid_square_5x5_forky], layout_layer_cave, enter_trove_2,
          minmay_misc_feat_four_crosses
D:14:     layout_rooms, ximxim_vaults_locker_room, minmay_stone_trees_medium,
          uniq_frances
D:15:     grunt_enter_depths_snipers, layout_loops_cross,
          nicolae_ru_awakened_eye
Lair:1:   statuecave_lemuel, layout_layer_cave, lemuel_fruit_tree
Lair:2:   layout_cave_pods
Lair:3:   layout_cave_shapes, elwin_shoals_entry_rooms,
          spider_nest_entry_rubble, uniq_gastronok
Lair:4:   layout_small_grid, minmay_slime_entry_eyes, basic_altar, ice2_lemuel
Lair:5:   gammafunk_lair_ancient_temple, layout_hall_layers
Shoals:1: cheibrodos_shoals_satyrical_garden, layout_shoals, st_cyclops,
          uniq_roxanne, uniq_nikola, uniq_donald
Shoals:2: layout_shoals, serial_shops, nicolae_square_shop,
          ebering_ghost_davey_jones, nicolae_shop_gadgets
Shoals:3: nzn_motion_control, layout_shoals
Shoals:4: shoals_end_hellmonk_storm_palace [storm_palace_center_circular,
          storm_palace_corner_narrow, storm_palace_corner_narrow,
          storm_palace_corner_grid, storm_palace_corner_reverse_hut]
Spider:1: layout_spider_delve, hangedman_spider_trapstep
Spider:2: gammafunk_boulding_lane
Spider:3: layout_spider_delve, drop_trap
Spider:4: grunt_spider_rune_circles, uniq_louise, uniq_kirke
Orc:1:    layout_caves, basic_altar, serial_shops, shop, nicolae_lakefront_shop
Orc:2:    grunt_orc_gardens, layout_diamond_mine, grunt_orc_garden,
          grunt_orc_garden, grunt_orc_garden, grunt_orc_garden, basic_altar,
          serial_shops, nicolae_shop_crystal, uniq_saint_roka, uniq_snorg
Elf:1:    eino_elf_arrival_the_gate, layout_gridlike, evilmike_minifort,
          serial_sigils_hangedman_gut, uniq_zenata, uniq_azrael

Skill      XL: |  1  2  3  4  5  6  7  8  9 10 11 12 13 14 15 16 17 18 |
---------------+-------------------------------------------------------+-----
Axes           | 3 4 5 6 7 9 10 13 15 16 18 | 18.0
Summonings     | 1 4 6 7 8 9 10 11 12 13 | 13.2
Fighting       | 4 5 6 7 8 11 12 13 14 15 16 | 16.8
Armour         | 4 5 6 7 9 10 11 12 13 | 13.8
Dodging        | 1 2 3 4 5 7 8 9 10 | 10.0
Shields        | 5 6 8 9 11 13 14 15 16 | 16.5
Invocations    | 1 2 3 |  3.0
Translocations | 1 3 5 6 7 |  7.8

Action                   |  1- 3 |  4- 6 |  7- 9 | 10-12 | 13-15 | 16-18 || total
-------------------------+-------+-------+-------+-------+-------+-------++-------
Melee: War axe           |    95 |   128 |   259 |   483 |   463 |       ||  1428
       Hand axe          |       |       |   112 |       |       |       ||   112
       Broad axe         |       |       |       |       |   192 |   761 ||   953
 Cast: Call Imp          |       |       |     8 |     9 |     4 |       ||    21
       Blink             |       |       |       |       |     3 |     1 ||     4
       Call Canine Famil |       |       |       |       |       |     6 ||     6
Invok: Convert to Beogh  |       |     1 |       |       |       |       ||     1
       Smiting           |       |       |     1 |       |       |       ||     1
       Recall Orcish Fol |       |       |       |     4 |    43 |    38 ||    85
       Give Item to Name |       |       |       |       |     4 |     3 ||     7
  Use: Scroll            |     5 |     3 |     8 |     4 |    11 |     7 ||    38
       Potion            |       |     2 |     7 |     4 |     4 |     9 ||    26
 Stab: Distracted        |       |       |       |     5 |    12 |    10 ||    27
       Paralysed         |       |       |       |       |       |     1 ||     1
Armor: Scale mail        |    40 |    59 |     8 |       |       |       ||   107
       Ring mail         |       |       |   173 |   234 |   289 |   385 ||  1081
       Crystal plate arm |       |       |       |       |     8 |       ||     8
Dodge: Dodged            |    43 |    57 |   133 |   203 |   291 |   332 ||  1059
Block: Buckler           |    23 |    23 |    23 |       |       |       ||    69
       Kite shield       |       |       |   116 |   307 |   502 |   697 ||  1622
